WCHLSIM.com - West Coast Hockey League
html PUBLIC "-//W3C//DTD XHTML 1.0 Transitional//EN" "http://www.w3.org/TR/xhtml1/DTD/xhtml1-transitional.dtd"> WCHL - Game 614 - ANAHEIM OUTLAWS vs TEXAS TOROS

ANAHEIM OUTLAWS vs TEXAS TOROS

Created - 7 janvier 2024 at 21:18

Goals
1 2 3 T
ANAHEIM OUTLAWS 1 1 0 2
TEXAS TOROS 0 3 0 3
Shots
1 2 3 T
ANAHEIM OUTLAWS 3 7 9 19
TEXAS TOROS 8 17 18 43

1st period

1. ANAHEIM OUTLAWS , Jeff Skinner 15 (Noah Hanifin 24) at 15:03

Penalties :
Jacob Trouba (ANA) for Tripping (Minor) at 11:51, Jeff Skinner (ANA) for Slashing (Minor) at 16:16

2nd period

2. TEXAS TOROS , Taylor Raddysh 6 (Kevin Hayes 10) at 10:47
3. TEXAS TOROS , Taylor Raddysh 7 (Kevin Hayes 11, Tyson Barrie 17) at 13:01
4. TEXAS TOROS , Kevin Hayes 12 (Tyson Barrie 18) at 14:37
5. ANAHEIM OUTLAWS , Michael Bunting 11 (Adrian Kempe 20, Morgan Rielly 21) at 16:17

Penalties :
Rasmus Ristolainen (ANA) for Tripping (Minor) at 6:47

3rd period

No Goal

Penalties :
Noah Hanifin (ANA) for Goalie Interference (Minor) at 2:13, Troy Terry (TEX) for Interference (Minor) at 13:08, Morgan Rielly (ANA) for Holding (Minor) at 18:06

Goalie Stats

Jacob Markstrom (ANA), 40 saves from 43 shots - (0,930), L, 20-17-2, 60:00 minutes
Daniil Tarasov (TEX), 17 saves from 19 shots - (0,895), W, 7-3-2, 60:00 minutes

Players Stats for ANAHEIM OUTLAWS

Player Name              G  A  P  +/- PIM S  H  SB GA TA FO     MP     PP MP  PK MP  
------------------------------------------------------------------------------------
Adrian Kempe             0  1  1   0  0   0  0  1  0  0  5/15   17:27   0:00   2:01 
Carter Verhaeghe         0  0  0   0  0   0  0  0  0  0  0/1    15:26   0:00   0:00 
David Gustafsson         0  0  0   0  0   0  0  0  0  0  0/0     4:47   0:00   0:00 
Evgeny Kuznetsov         0  0  0  -1  0   1  1  0  0  0  0/0    17:06   0:55   0:00 
Henri Jokiharju          0  0  0   0  0   0  4  2  0  0  0/0    20:22   1:04   5:00 
Ian Mitchell             0  0  0   0  0   0  1  1  0  0  0/0    15:31   0:00   1:18 
Jack Quinn               0  0  0   0  0   1  0  0  0  0  0/0    11:48   0:00   0:00 
Jacob Trouba             0  0  0  -1  2   2  3  1  0  0  0/0    21:57   0:55   4:34 
Jeff Skinner             1  0  1  -1  2   3  0  0  0  0  2/5    20:29   1:04   3:15 
Joey Anderson            0  0  0  -1  0   0  2  0  0  0  8/28   21:39   0:55   4:33 
Kent Johnson             0  0  0   0  0   1  4  0  0  0  1/12   18:14   1:04   5:22 
Kevin Fiala              0  0  0   0  0   3  1  0  0  0  2/6     5:51   1:04   0:00 
Michael Bunting          1  0  1   0  0   3  1  0  0  0  0/1    20:48   0:55   4:27 
Morgan Rielly            0  1  1  -1  2   1  2  1  0  0  0/0    24:31   0:55   3:56 
Noah Hanifin             0  1  1   0  2   4  0  3  0  0  0/0    23:20   1:04   4:47 
Pierre Engvall           0  0  0   0  0   0  0  0  0  0  0/0     4:47   0:00   0:00 
Pius Suter               0  0  0   0  0   0  1  0  0  0  7/12   11:48   0:00   0:00 
Rasmus Ristolainen       0  0  0   0  2   0  0  1  0  0  0/0    14:15   0:00   0:03 

Players Stats for TEXAS TOROS

Player Name              G  A  P  +/- PIM S  H  SB GA TA FO     MP     PP MP  PK MP  
------------------------------------------------------------------------------------
Danton Heinen            0  0  0  -1  0   0  1  0  0  0  2/4    19:43   3:25   1:26 
Dougie Hamilton          0  0  0  -2  0   5  2  1  0  0  0/0    26:04   5:45   0:57 
Jesse Ylonen             0  0  0   0  0   1  0  0  0  0  0/0     8:26   0:51   0:00 
Jonathan Toews           0  0  0  -1  0   3  0  0  0  0  13/16  14:52   0:00   0:00 
Kevin Hayes              1  2  3   2  0   3  0  0  0  0  22/27  21:07   5:33   1:12 
Mikhail Sergachev        0  0  0  -2  0   5  0  2  0  0  0/0    26:04   5:45   0:57 
Miles Wood               0  0  0   2  0   0  3  0  0  0  1/2    19:55   5:33   0:00 
Nate Schmidt             0  0  0   1  0   1  0  0  0  0  0/0    13:23   0:00   0:00 
Owen Power               0  0  0   1  0   1  0  1  0  0  0/0    13:23   0:00   0:00 
Ryan Poehling            0  0  0   0  0   1  1  0  0  0  4/7     7:35   0:00   0:00 
Ryan Suter               0  0  0   2  0   2  1  0  0  0  0/0    20:33   4:04   1:02 
Taylor Raddysh           2  0  2   2  0   5  1  0  0  0  0/0    19:55   5:33   0:00 
Trevor Zegras            0  0  0   0  0   7  0  0  0  0  9/19   16:26   4:16   0:47 
Troy Terry               0  0  0  -1  2   1  1  0  0  0  2/2    19:07   4:16   0:00 
Tyson Barrie             0  2  2   2  0   5  2  0  0  0  0/0    20:33   4:04   1:02 
Tyson Foerster           0  0  0   0  0   1  1  0  0  0  0/1     7:35   0:00   0:00 
Wade Allison             0  0  0   0  0   1  0  0  0  0  2/2    11:56   0:00   0:33 
Yegor Chinakhov          0  0  0   0  0   1  0  0  0  0  0/0    11:23   0:00   0:00 

3 Stars

1 - Taylor Raddysh (TEX)
2 - Kevin Hayes (TEX)
3 - Tyson Barrie (TEX)

Power Play

ANAHEIM OUTLAWS - 0 on 1 Attempt(s) - 0,00%
TEXAS TOROS - 0 on 5 Attempt(s) - 0,00%

Penalty Kill

ANAHEIM OUTLAWS - 5 on 5 Attempt(s) - 100,00% - Score 0 goal in Penalty Kill
TEXAS TOROS - 1 on 1 Attempt(s) - 100,00% - Score 0 goal in Penalty Kill

Team Stat

ANAHEIM OUTLAWS - Hits : 20 - Faceoff Wins : 25 - Blocked Shots : 10 - Penalty Minutes : 10
TEXAS TOROS - Hits : 13 - Faceoff Wins : 55 - Blocked Shots : 4 - Penalty Minutes : 2

Official

Referees : Dan Kelly and Brad Meier
Linesman : Derek Wahl and Steven Walsh

Game Notes

No Game Note

Finance

Level 1 -- Attendance: 5565 (85,62%) -- Ticket Income 946 050 $
Level 2 -- Attendance: 4084 (74,25%) -- Ticket Income 490 080 $
Level 3 -- Attendance: 2233 (74,43%) -- Ticket Income 200 970 $
Level 4 -- Attendance: 4289 (85,78%) -- Ticket Income 257 340 $
Luxury Box -- Attendance: 592 (59,20%) -- Ticket Income 236 800 $
Game was played at the Red Bull Arena.
Total Attendance: 16763 (79,82%)
Total Ticket Income: 2 131 240 $
Other Expense: 21 312 $
Total Income: 2 109 928 $

ANAHEIM OUTLAWS

5 vs 5 Forward 
   Center                   Left Wing                Right Wing               Time % Phy DF OF 
 1 Joey Anderson            Jeff Skinner             Evgeny Kuznetsov         36     1   2  2  
 2 Adrian Kempe             Michael Bunting          Carter Verhaeghe         31     1   2  2  
 3 Pius Suter               Kent Johnson             Jack Quinn               23     1   2  2  
 4 Kevin Fiala              Pierre Engvall           David Gustafsson         10     1   2  2  

5 vs 5 Defense 
   Defense                  Defense                                           Time % Phy DF OF 
 1 Jacob Trouba             Morgan Rielly                                     36     1   2  2  
 2 Noah Hanifin             Henri Jokiharju                                   31     1   2  2  
 3 Rasmus Ristolainen       Ian Mitchell                                      23     1   2  2  
 4 Noah Hanifin             Morgan Rielly                                     10     1   2  2  

PowerPlay Forward 
   Center                   Left Wing                Right Wing               Time % Phy DF OF 
 1 Kevin Fiala              Jeff Skinner             Kent Johnson             55     1   2  2  
 2 Joey Anderson            Michael Bunting          Evgeny Kuznetsov         45     1   2  2  

PowerPlay Defense
   Defense                  Defense                                           Time % Phy DF OF 
 1 Jacob Trouba             Morgan Rielly                                     55     1   2  2  
 2 Noah Hanifin             Henri Jokiharju                                   45     1   2  2  

Penalty Kill 4 Players Forward 
   Center                   Wing                     Time % Phy DF OF 
 1 Kent Johnson             Joey Anderson            55     1   2  2  
 2 Jeff Skinner             Michael Bunting          45     1   2  2  

Penalty Kill 4 Players Defense
   Defense                  Defense                  Time % Phy DF OF 
 1 Jacob Trouba             Morgan Rielly            55     1   2  2  
 2 Noah Hanifin             Henri Jokiharju          45     1   2  2  

Penalty Kill - 3 Players Forward 
   Forward                                           Time % Phy DF OF 
 1 Kent Johnson                                      55     1   2  2  
 2 Michael Bunting                                   45     1   2  2  

Penalty Kill - 3 Players Defense
   Defense                  Defense                  Time % Phy DF OF 
 1 Rasmus Ristolainen       Morgan Rielly            55     1   2  2  
 2 Noah Hanifin             Henri Jokiharju          45     1   2  2  

4 vs 4 Forward 
   Center                   Wing                     Time % Phy DF OF 
 1 Jeff Skinner             Joey Anderson            55     1   2  2  
 2 Kent Johnson             Michael Bunting          45     1   2  2  

4 vs 4 Defense
   Defense                  Defense                  Time % Phy DF OF 
 1 Jacob Trouba             Morgan Rielly            55     1   2  2  
 2 Noah Hanifin             Henri Jokiharju          45     1   2  2  

Last Minutes Offensive
   Center                   Left Wing                Right Wing               Defense                  Defense                  
   Joey Anderson            Evgeny Kuznetsov         Jeff Skinner             Jacob Trouba             Morgan Rielly            

Last Minutes Defensive
   Center                   Left Wing                Right Wing               Defense                  Defense                  
   Joey Anderson            Evgeny Kuznetsov         Jeff Skinner             Jacob Trouba             Morgan Rielly            

Goaltenders
Starting : Jacob Markstrom          
Backup : Mackenzie Blackwood      

Extra Forwards
Normal : Jeff Skinner, Michael Bunting, Kent Johnson - PP : Michael Bunting, Kent Johnson - PK : Kent Johnson
Extra Defensemen
Normal : Morgan Rielly, Noah Hanifin, Henri Jokiharju - PP : Morgan Rielly - PK : Noah Hanifin, Morgan Rielly
Penalty Shots
Kent Johnson, Joey Anderson, Evgeny Kuznetsov, Michael Bunting, Jeff Skinner
Custom OT Lines Forwards
Joey Anderson, Evgeny Kuznetsov, Jeff Skinner, Michael Bunting, Adrian Kempe, Carter Verhaeghe, David Gustafsson, Pierre Engvall, Kent Johnson, Jack Quinn
Custom OT Lines Defensemen
Rasmus Ristolainen, Morgan Rielly, Noah Hanifin, Henri Jokiharju, Jacob Trouba

Scratches
Michael Rasmussen (Broken Left Thumb Injury), Victor Soderstrom (Healthy)

TEXAS TOROS

5 vs 5 Forward 
   Center                   Left Wing                Right Wing               Time % Phy DF OF 
 1 Jonathan Toews           Danton Heinen            Troy Terry               36     1   2  2  
 2 Kevin Hayes              Miles Wood               Taylor Raddysh           31     1   2  2  
 3 Trevor Zegras            Yegor Chinakhov          Wade Allison             23     1   2  2  
 4 Ryan Poehling            Jesse Ylonen             Tyson Foerster           10     1   2  2  

5 vs 5 Defense 
   Defense                  Defense                                           Time % Phy DF OF 
 1 Mikhail Sergachev        Dougie Hamilton                                   36     1   2  2  
 2 Tyson Barrie             Ryan Suter                                        31     1   2  2  
 3 Owen Power               Nate Schmidt                                      23     1   2  2  
 4 Mikhail Sergachev        Dougie Hamilton                                   10     1   2  2  

PowerPlay Forward 
   Center                   Left Wing                Right Wing               Time % Phy DF OF 
 1 Trevor Zegras            Danton Heinen            Troy Terry               55     1   2  2  
 2 Kevin Hayes              Miles Wood               Taylor Raddysh           45     1   2  2  

PowerPlay Defense
   Defense                  Defense                                           Time % Phy DF OF 
 1 Mikhail Sergachev        Dougie Hamilton                                   55     1   2  2  
 2 Tyson Barrie             Ryan Suter                                        45     1   2  2  

Penalty Kill 4 Players Forward 
   Center                   Wing                     Time % Phy DF OF 
 1 Danton Heinen            Kevin Hayes              55     1   2  2  
 2 Troy Terry               Trevor Zegras            45     1   2  2  

Penalty Kill 4 Players Defense
   Defense                  Defense                  Time % Phy DF OF 
 1 Mikhail Sergachev        Dougie Hamilton          55     1   2  2  
 2 Tyson Barrie             Ryan Suter               45     1   2  2  

Penalty Kill - 3 Players Forward 
   Forward                                           Time % Phy DF OF 
 1 Troy Terry                                        55     1   2  2  
 2 Kevin Hayes                                       45     1   2  2  

Penalty Kill - 3 Players Defense
   Defense                  Defense                  Time % Phy DF OF 
 1 Mikhail Sergachev        Dougie Hamilton          55     1   2  2  
 2 Tyson Barrie             Ryan Suter               45     1   2  2  

4 vs 4 Forward 
   Center                   Wing                     Time % Phy DF OF 
 1 Jonathan Toews           Kevin Hayes              55     1   2  2  
 2 Troy Terry               Trevor Zegras            45     1   2  2  

4 vs 4 Defense
   Defense                  Defense                  Time % Phy DF OF 
 1 Mikhail Sergachev        Dougie Hamilton          55     1   2  2  
 2 Tyson Barrie             Ryan Suter               45     1   2  2  

Last Minutes Offensive
   Center                   Left Wing                Right Wing               Defense                  Defense                  
   Jonathan Toews           Danton Heinen            Troy Terry               Mikhail Sergachev        Dougie Hamilton          

Last Minutes Defensive
   Center                   Left Wing                Right Wing               Defense                  Defense                  
   Jonathan Toews           Danton Heinen            Troy Terry               Mikhail Sergachev        Dougie Hamilton          

Goaltenders
Starting : Daniil Tarasov           
Backup : Philipp Grubauer         

Extra Forwards
Normal : Jesse Ylonen, Ryan Poehling, Wade Allison - PP : Jesse Ylonen, Ryan Poehling - PK : Wade Allison
Extra Defensemen
Normal : Owen Power, Nate Schmidt, Tyson Barrie - PP : Owen Power - PK : Nate Schmidt, Tyson Barrie
Penalty Shots
Ryan Poehling, Kevin Hayes, Troy Terry, Trevor Zegras, Taylor Raddysh
Custom OT Lines Forwards
Jesse Ylonen, Kevin Hayes, Troy Terry, Trevor Zegras, Taylor Raddysh, Ryan Poehling, Wade Allison, Danton Heinen, Tyson Foerster, Miles Wood
Custom OT Lines Defensemen
Mikhail Sergachev, Dougie Hamilton, Tyson Barrie, Ryan Suter, Owen Power

Scratches
Colin Blackwell (Healthy), Adin Hill (Right Ankle Injury)

% Time on Ice - ANAHEIM OUTLAWS

Lines # - Real PCT - Wanted PCT - Time Play
Normal Forward
1 - 34% - 36% - 16:11
2 - 32% - 31% - 15:26
3 - 24% - 23% - 11:48
4 - 10% - 10% - 4:47
Normal Defense
1 - 33% - 36% - 16:05
2 - 30% - 31% - 14:18
3 - 29% - 23% - 14:13
4 - 7% - 10% - 3:36
PP Forward
1 - 54% - 55% - 1:04
2 - 46% - 45% - 0:55
PP Defense
1 - 46% - 55% - 0:55
2 - 54% - 45% - 1:04
PK Forward
1 - 55% - 55% - 5:22
2 - 45% - 45% - 4:27
PK Defense
1 - 56% - 55% - 5:30
2 - 44% - 45% - 4:19
PK3 Forward
1 - 0% - 55%
2 - 0% - 45%
PK3 Defense
1 - 0% - 55%
2 - 0% - 45%
44 Forward
1 - 0% - 55%
2 - 0% - 45%
44 Defense
1 - 0% - 55%
2 - 0% - 45%
Last Minute Offensive  - 0:00
Last Minute Defensive  - 0:00
Total
Forward - 60:00
Defense - 60:00

% Time on Ice - TEXAS TOROS

Lines # - Real PCT - Wanted PCT - Time Play
Normal Forward
1 - 31% - 36% - 14:52
2 - 30% - 31% - 14:22
3 - 24% - 23% - 11:23
4 - 16% - 10% - 7:35
Normal Defense
1 - 35% - 36% - 16:47
2 - 32% - 31% - 15:27
3 - 28% - 23% - 13:23
4 - 5% - 10% - 2:35
PP Forward
1 - 43% - 55% - 4:16
2 - 57% - 45% - 5:33
PP Defense
1 - 59% - 55% - 5:45
2 - 41% - 45% - 4:04
PK Forward
1 - 61% - 55% - 1:12
2 - 39% - 45% - 0:47
PK Defense
1 - 48% - 55% - 0:57
2 - 52% - 45% - 1:02
PK3 Forward
1 - 0% - 55%
2 - 0% - 45%
PK3 Defense
1 - 0% - 55%
2 - 0% - 45%
44 Forward
1 - 0% - 55%
2 - 0% - 45%
44 Defense
1 - 0% - 55%
2 - 0% - 45%
Last Minute Offensive  - 0:00
Last Minute Defensive  - 0:00
Total
Forward - 60:00
Defense - 60:00

Play-by-Play

1st period


0:01 of 1st period - Jonathan Toews wins face-off versus Joey Anderson in neutral zone.
0:28 of 1st period - Mikhail Sergachev is hit by Joey Anderson and loses puck.
2:11 of 1st period - Pius Suter is hit by Tyson Barrie and loses puck.
2:48 of 1st period - Rasmus Ristolainen is hit by Miles Wood.
3:12 of 1st period - Shot by Trevor Zegras.
3:12 of 1st period - Shot Misses the Net.
3:19 of 1st period - Icing by Morgan Rielly.
3:20 of 1st period - Kevin Fiala wins face-off versus Ryan Poehling in ANAHEIM OUTLAWS zone.
3:20 of 1st period - Kevin Fiala is hit by Ryan Poehling.
4:31 of 1st period - Shot by Trevor Zegras.
4:31 of 1st period - Shot Misses the Net.
4:33 of 1st period - Shot by Tyson Barrie.
4:33 of 1st period - Stopped by Jacob Markstrom with a rebound.
4:35 of 1st period - Shot by Ryan Suter.
4:35 of 1st period - Stopped by Jacob Markstrom without a rebound.
4:36 of 1st period - Adrian Kempe wins face-off versus Miles Wood in ANAHEIM OUTLAWS zone.
5:07 of 1st period - Shot by Kevin Hayes.
5:07 of 1st period - Shot Misses the Net.
5:54 of 1st period - Shot by Jesse Ylonen.
5:54 of 1st period - Deflect By Tyson Foerster.
5:54 of 1st period - Shot Blocked by Noah Hanifin.
6:20 of 1st period - Jack Quinn is hit by Tyson Foerster and loses puck.
6:27 of 1st period - Jesse Ylonen is hit by Kent Johnson.
6:36 of 1st period - Off-side.
6:37 of 1st period - Trevor Zegras wins face-off versus Adrian Kempe in neutral zone.
6:53 of 1st period - Icing by Rasmus Ristolainen.
6:54 of 1st period - Troy Terry wins face-off versus Adrian Kempe in ANAHEIM OUTLAWS zone.
8:37 of 1st period - Shot by Jeff Skinner.
8:37 of 1st period - Shot Misses the Net.
8:39 of 1st period - Shot by Jeff Skinner.
8:39 of 1st period - Shot Misses the Net.
9:11 of 1st period - Shot by Kent Johnson.
9:11 of 1st period - Deflect By Jack Quinn.
9:11 of 1st period - Shot Misses the Net.
9:13 of 1st period - Shot by Jacob Trouba.
9:13 of 1st period - Stopped by Daniil Tarasov without a rebound.
9:14 of 1st period - Kevin Fiala wins face-off versus Trevor Zegras in TEXAS TOROS zone.
9:18 of 1st period - Icing by Owen Power.
9:19 of 1st period - Trevor Zegras wins face-off versus Kevin Fiala in TEXAS TOROS zone.
9:36 of 1st period - Shot by Yegor Chinakhov.
9:36 of 1st period - Stopped by Jacob Markstrom without a rebound.
9:37 of 1st period - Pius Suter wins face-off versus Jonathan Toews in ANAHEIM OUTLAWS zone.
10:07 of 1st period - Dougie Hamilton is hit by Pius Suter and loses puck.
10:18 of 1st period - Shot by Dougie Hamilton.
10:18 of 1st period - Stopped by Jacob Markstrom without a rebound.
10:19 of 1st period - Joey Anderson wins face-off versus Trevor Zegras in ANAHEIM OUTLAWS zone.
10:42 of 1st period - Icing by Noah Hanifin.
10:43 of 1st period - Joey Anderson wins face-off versus Ryan Poehling in ANAHEIM OUTLAWS zone.
11:51 of 1st period - Minor Penalty to Jacob Trouba for Tripping.
11:52 of 1st period - Kevin Hayes wins face-off versus Joey Anderson in ANAHEIM OUTLAWS zone.
12:08 of 1st period - Icing by Kevin Hayes.
12:09 of 1st period - Kevin Hayes wins face-off versus Kent Johnson in TEXAS TOROS zone.
12:20 of 1st period - Mikhail Sergachev is hit by Kent Johnson and loses puck.
13:19 of 1st period - Shot by Tyson Barrie.
13:19 of 1st period - Shot Blocked by Henri Jokiharju.
13:21 of 1st period - Shot by Ryan Suter.
13:21 of 1st period - Stopped by Jacob Markstrom without a rebound.
13:22 of 1st period - Trevor Zegras wins face-off versus Kent Johnson in ANAHEIM OUTLAWS zone.
13:35 of 1st period - Shot by Trevor Zegras.
13:35 of 1st period - Shot Misses the Net.
13:37 of 1st period - Shot by Troy Terry.
13:37 of 1st period - Shot Misses the Net.
13:39 of 1st period - Shot by Tyson Barrie.
13:39 of 1st period - Shot Misses the Net.
13:41 of 1st period - Shot by Troy Terry.
13:41 of 1st period - Shot Blocked by Adrian Kempe.
13:43 of 1st period - Shot by Trevor Zegras.
13:43 of 1st period - Stopped by Jacob Markstrom with a rebound.
13:45 of 1st period - Shot by Tyson Barrie.
13:45 of 1st period - Stopped by Jacob Markstrom without a rebound.
13:46 of 1st period - Kevin Hayes wins face-off versus Jeff Skinner in ANAHEIM OUTLAWS zone.
13:53 of 1st period - Shot by Kevin Hayes.
13:53 of 1st period - Deflect By Ryan Poehling.
13:53 of 1st period - Shot Misses the Net.
14:15 of 1st period - Shot by Ryan Poehling.
14:15 of 1st period - Shot Blocked by Ian Mitchell.
14:42 of 1st period - Icing by Ryan Poehling.
14:43 of 1st period - Ryan Poehling wins face-off versus Joey Anderson in TEXAS TOROS zone.
14:43 of 1st period - Ryan Poehling is hit by Joey Anderson.
15:03 of 1st period - Shot by Jeff Skinner.
15:03 of 1st period - Goal by Jeff Skinner - ANAHEIM OUTLAWS : 1 - TEXAS TOROS : 0.
15:04 of 1st period - Pius Suter wins face-off versus Jonathan Toews in neutral zone.
15:11 of 1st period - Shot by Jack Quinn.
15:11 of 1st period - Stopped by Daniil Tarasov with a rebound.
16:16 of 1st period - Minor Penalty to Jeff Skinner for Slashing.
16:17 of 1st period - Adrian Kempe wins face-off versus Kevin Hayes in ANAHEIM OUTLAWS zone.
17:14 of 1st period - Shot by Trevor Zegras.
17:14 of 1st period - Stopped by Jacob Markstrom without a rebound.
17:15 of 1st period - Trevor Zegras wins face-off versus Adrian Kempe in ANAHEIM OUTLAWS zone.
18:09 of 1st period - Icing by Ryan Suter.
18:10 of 1st period - Kevin Hayes wins face-off versus Kent Johnson in TEXAS TOROS zone.
18:10 of 1st period - Kevin Hayes is hit by Jacob Trouba.
18:57 of 1st period - Off-side.
18:58 of 1st period - Joey Anderson wins face-off versus Kevin Hayes in neutral zone.
19:00 of 1st period - Jacob Trouba is hit by Miles Wood and loses puck.
19:49 of 1st period - Icing by Kevin Hayes.
19:50 of 1st period - Kevin Hayes wins face-off versus Carter Verhaeghe in TEXAS TOROS zone.
Goals for this period are 1 for ANAHEIM OUTLAWS vs 0 for TEXAS TOROS.
Shots for this period are 3 for ANAHEIM OUTLAWS vs 8 for TEXAS TOROS.

2nd period


0:01 of 2nd period - Jonathan Toews wins face-off versus Adrian Kempe in neutral zone.
2:18 of 2nd period - Icing by Noah Hanifin.
2:19 of 2nd period - Ryan Poehling wins face-off versus Joey Anderson in ANAHEIM OUTLAWS zone.
2:32 of 2nd period - Shot by Jesse Ylonen.
2:32 of 2nd period - Shot Misses the Net.
2:37 of 2nd period - Icing by Noah Hanifin.
2:38 of 2nd period - Joey Anderson wins face-off versus Danton Heinen in ANAHEIM OUTLAWS zone.
3:06 of 2nd period - Icing by Evgeny Kuznetsov.
3:07 of 2nd period - Kevin Hayes wins face-off versus Joey Anderson in ANAHEIM OUTLAWS zone.
3:33 of 2nd period - Noah Hanifin is hit by Taylor Raddysh and loses puck.
3:45 of 2nd period - Kevin Hayes is hit by Henri Jokiharju and loses puck.
4:16 of 2nd period - Icing by Jack Quinn.
4:17 of 2nd period - Pius Suter wins face-off versus Trevor Zegras in ANAHEIM OUTLAWS zone.
5:01 of 2nd period - Shot by Adrian Kempe.
5:01 of 2nd period - Deflect By Michael Bunting.
5:01 of 2nd period - Shot Hit the Post.
5:03 of 2nd period - Shot by Morgan Rielly.
5:03 of 2nd period - Stopped by Daniil Tarasov without a rebound.
5:04 of 2nd period - Jonathan Toews wins face-off versus Kevin Fiala in TEXAS TOROS zone.
5:33 of 2nd period - Shot by Kevin Fiala.
5:33 of 2nd period - Stopped by Daniil Tarasov without a rebound.
5:34 of 2nd period - Kevin Hayes wins face-off versus Adrian Kempe in TEXAS TOROS zone.
5:55 of 2nd period - Shot by Dougie Hamilton.
5:55 of 2nd period - Stopped by Jacob Markstrom without a rebound.
5:56 of 2nd period - Kent Johnson wins face-off versus Trevor Zegras in ANAHEIM OUTLAWS zone.
6:01 of 2nd period - Shot by Noah Hanifin.
6:01 of 2nd period - Stopped by Daniil Tarasov without a rebound.
6:02 of 2nd period - Jonathan Toews wins face-off versus Pius Suter in TEXAS TOROS zone.
6:02 of 2nd period - Troy Terry is hit by Kent Johnson and loses puck.
6:21 of 2nd period - Jonathan Toews is hit by Kent Johnson and loses puck.
6:27 of 2nd period - Icing by Mikhail Sergachev.
6:28 of 2nd period - Jonathan Toews wins face-off versus Adrian Kempe in TEXAS TOROS zone.
6:28 of 2nd period - Jonathan Toews is hit by Michael Bunting.
6:47 of 2nd period - Minor Penalty to Rasmus Ristolainen for Tripping.
6:48 of 2nd period - Kevin Hayes wins face-off versus Kent Johnson in ANAHEIM OUTLAWS zone.
6:49 of 2nd period - Shot by Taylor Raddysh.
6:49 of 2nd period - Shot Misses the Net.
7:01 of 2nd period - Shot by Tyson Barrie.
7:01 of 2nd period - Shot Misses the Net.
7:03 of 2nd period - Shot by Taylor Raddysh.
7:03 of 2nd period - Deflect By Kevin Hayes.
7:03 of 2nd period - Shot Misses the Net.
7:05 of 2nd period - Shot by Tyson Barrie.
7:05 of 2nd period - Stopped by Jacob Markstrom without a rebound.
7:06 of 2nd period - Trevor Zegras wins face-off versus Kent Johnson in ANAHEIM OUTLAWS zone.
7:21 of 2nd period - Shot by Dougie Hamilton.
7:21 of 2nd period - Stopped by Jacob Markstrom with a rebound.
7:45 of 2nd period - Shot by Trevor Zegras.
7:45 of 2nd period - Shot Blocked by Morgan Rielly.
8:18 of 2nd period - Shot by Tyson Barrie.
8:18 of 2nd period - Stopped by Jacob Markstrom without a rebound.
8:19 of 2nd period - Kevin Hayes wins face-off versus Kent Johnson in ANAHEIM OUTLAWS zone.
8:20 of 2nd period - Shot by Tyson Barrie.
8:20 of 2nd period - Stopped by Jacob Markstrom without a rebound.
8:21 of 2nd period - Kevin Hayes wins face-off versus Kent Johnson in ANAHEIM OUTLAWS zone.
8:42 of 2nd period - Shot by Mikhail Sergachev.
8:42 of 2nd period - Stopped by Jacob Markstrom without a rebound.
8:43 of 2nd period - Jeff Skinner wins face-off versus Trevor Zegras in ANAHEIM OUTLAWS zone.
8:43 of 2nd period - Jeff Skinner is hit by Troy Terry.
8:55 of 2nd period - Shot by Tyson Foerster.
8:55 of 2nd period - Shot Misses the Net.
9:10 of 2nd period - Shot by Owen Power.
9:10 of 2nd period - Shot Hit the Post.
9:12 of 2nd period - Shot by Ryan Poehling.
9:12 of 2nd period - Stopped by Jacob Markstrom with a rebound.
9:48 of 2nd period - Shot by Trevor Zegras.
9:48 of 2nd period - Shot Misses the Net.
9:50 of 2nd period - Shot by Dougie Hamilton.
9:50 of 2nd period - Stopped by Jacob Markstrom with a rebound.
9:54 of 2nd period - Shot by Wade Allison.
9:54 of 2nd period - Stopped by Jacob Markstrom with a rebound.
9:56 of 2nd period - Shot by Wade Allison.
9:56 of 2nd period - Shot Misses the Net.
10:00 of 2nd period - Shot by Trevor Zegras.
10:00 of 2nd period - Shot Hit the Post.
10:33 of 2nd period - Rasmus Ristolainen is hit by Danton Heinen and loses puck.
10:44 of 2nd period - Shot by Jonathan Toews.
10:44 of 2nd period - Stopped by Jacob Markstrom without a rebound.
10:45 of 2nd period - Kevin Hayes wins face-off versus Joey Anderson in ANAHEIM OUTLAWS zone.
10:45 of 2nd period - Kevin Hayes is hit by Jacob Trouba.
10:47 of 2nd period - Shot by Taylor Raddysh.
10:47 of 2nd period - Goal by Taylor Raddysh - ANAHEIM OUTLAWS : 1 - TEXAS TOROS : 1.
10:48 of 2nd period - Kevin Hayes wins face-off versus Joey Anderson in neutral zone.
10:50 of 2nd period - Owen Power is hit by Jacob Trouba.
11:02 of 2nd period - Icing by Jeff Skinner.
11:03 of 2nd period - Jonathan Toews wins face-off versus Joey Anderson in ANAHEIM OUTLAWS zone.
11:04 of 2nd period - Shot by Troy Terry.
11:04 of 2nd period - Stopped by Jacob Markstrom without a rebound.
11:05 of 2nd period - Jonathan Toews wins face-off versus Pius Suter in ANAHEIM OUTLAWS zone.
11:54 of 2nd period - Jacob Trouba is hit by Dougie Hamilton and loses puck.
12:02 of 2nd period - Icing by Dougie Hamilton.
12:03 of 2nd period - Jonathan Toews wins face-off versus Joey Anderson in TEXAS TOROS zone.
12:08 of 2nd period - Shot by Noah Hanifin.
12:08 of 2nd period - Shot Blocked by Dougie Hamilton.
12:10 of 2nd period - Shot by Evgeny Kuznetsov.
12:10 of 2nd period - Shot Blocked by Mikhail Sergachev.
12:12 of 2nd period - Shot by Noah Hanifin.
12:12 of 2nd period - Stopped by Daniil Tarasov without a rebound.
12:13 of 2nd period - Joey Anderson wins face-off versus Kevin Hayes in TEXAS TOROS zone.
12:53 of 2nd period - Icing by Ryan Suter.
12:54 of 2nd period - Kevin Hayes wins face-off versus Adrian Kempe in TEXAS TOROS zone.
13:01 of 2nd period - Shot by Taylor Raddysh.
13:01 of 2nd period - Goal by Taylor Raddysh - ANAHEIM OUTLAWS : 1 - TEXAS TOROS : 2.
13:02 of 2nd period - Pius Suter wins face-off versus Trevor Zegras in neutral zone.
13:13 of 2nd period - Shot by Kent Johnson.
13:13 of 2nd period - Stopped by Daniil Tarasov with a rebound.
14:17 of 2nd period - Shot by Jonathan Toews.
14:17 of 2nd period - Stopped by Jacob Markstrom without a rebound.
14:18 of 2nd period - Miles Wood wins face-off versus Joey Anderson in ANAHEIM OUTLAWS zone.
14:37 of 2nd period - Shot by Kevin Hayes.
14:37 of 2nd period - Goal by Kevin Hayes - ANAHEIM OUTLAWS : 1 - TEXAS TOROS : 3.
14:38 of 2nd period - Adrian Kempe wins face-off versus Tyson Foerster in neutral zone.
14:41 of 2nd period - Shot by Michael Bunting.
14:41 of 2nd period - Deflect By Carter Verhaeghe.
14:41 of 2nd period - Shot Misses the Net.
15:05 of 2nd period - Shot by Owen Power.
15:05 of 2nd period - Shot Misses the Net.
15:07 of 2nd period - Shot by Owen Power.
15:07 of 2nd period - Stopped by Jacob Markstrom without a rebound.
15:08 of 2nd period - Jonathan Toews wins face-off versus Joey Anderson in ANAHEIM OUTLAWS zone.
15:20 of 2nd period - Troy Terry is hit by Henri Jokiharju and loses puck.
16:17 of 2nd period - Shot by Michael Bunting.
16:17 of 2nd period - Goal by Michael Bunting - ANAHEIM OUTLAWS : 2 - TEXAS TOROS : 3.
16:18 of 2nd period - Pius Suter wins face-off versus Kevin Hayes in neutral zone.
17:38 of 2nd period - Shot by Yegor Chinakhov.
17:38 of 2nd period - Deflect By Trevor Zegras.
17:38 of 2nd period - Shot Blocked by Rasmus Ristolainen.
17:40 of 2nd period - Shot by Wade Allison.
17:40 of 2nd period - Deflect By Trevor Zegras.
17:40 of 2nd period - Stopped by Jacob Markstrom without a rebound.
17:41 of 2nd period - Ryan Poehling wins face-off versus Joey Anderson in ANAHEIM OUTLAWS zone.
19:31 of 2nd period - Noah Hanifin is hit by Miles Wood.
19:53 of 2nd period - Shot by Kevin Fiala.
19:53 of 2nd period - Stopped by Daniil Tarasov without a rebound.
19:54 of 2nd period - Joey Anderson wins face-off versus Jonathan Toews in TEXAS TOROS zone.
19:55 of 2nd period - Shot by Jeff Skinner.
19:55 of 2nd period - Shot Blocked by Owen Power.
Goals for this period are 1 for ANAHEIM OUTLAWS vs 3 for TEXAS TOROS.
Shots for this period are 7 for ANAHEIM OUTLAWS vs 17 for TEXAS TOROS.

3rd period


0:01 of 3rd period - Jonathan Toews wins face-off versus Joey Anderson in neutral zone.
2:13 of 3rd period - Shot by Taylor Raddysh.
2:13 of 3rd period - Stopped by Jacob Markstrom without a rebound.
2:13 of 3rd period - Minor Penalty to Noah Hanifin for Goalie Interference.
2:14 of 3rd period - Kevin Hayes wins face-off versus Kent Johnson in ANAHEIM OUTLAWS zone.
2:27 of 3rd period - Shot by Mikhail Sergachev.
2:27 of 3rd period - Shot Misses the Net.
2:29 of 3rd period - Shot by Mikhail Sergachev.
2:29 of 3rd period - Shot Misses the Net.
2:31 of 3rd period - Shot by Dougie Hamilton.
2:31 of 3rd period - Stopped by Jacob Markstrom with a rebound.
2:37 of 3rd period - Shot by Kevin Hayes.
2:37 of 3rd period - Stopped by Jacob Markstrom without a rebound.
2:38 of 3rd period - Jeff Skinner wins face-off versus Trevor Zegras in ANAHEIM OUTLAWS zone.
2:48 of 3rd period - Jeff Skinner is hit by Ryan Suter and loses puck.
3:59 of 3rd period - Shot by Mikhail Sergachev.
3:59 of 3rd period - Shot Blocked by Henri Jokiharju.
4:28 of 3rd period - Shot by Jesse Ylonen.
4:28 of 3rd period - Deflect By Tyson Foerster.
4:28 of 3rd period - Stopped by Jacob Markstrom without a rebound.
4:29 of 3rd period - Trevor Zegras wins face-off versus Pius Suter in ANAHEIM OUTLAWS zone.
4:33 of 3rd period - Trevor Zegras is hit by Morgan Rielly.
4:38 of 3rd period - Icing by Morgan Rielly.
4:39 of 3rd period - Pius Suter wins face-off versus Ryan Poehling in ANAHEIM OUTLAWS zone.
6:05 of 3rd period - Jeff Skinner is hit by Dougie Hamilton and loses puck.
7:06 of 3rd period - Shot by Kevin Hayes.
7:06 of 3rd period - Stopped by Jacob Markstrom with a rebound.
7:08 of 3rd period - Shot by Ryan Suter.
7:08 of 3rd period - Shot Misses the Net.
7:10 of 3rd period - Shot by Miles Wood.
7:10 of 3rd period - Shot Misses the Net.
7:26 of 3rd period - Shot by Trevor Zegras.
7:26 of 3rd period - Stopped by Jacob Markstrom without a rebound.
7:27 of 3rd period - Ryan Poehling wins face-off versus Pius Suter in ANAHEIM OUTLAWS zone.
7:28 of 3rd period - Shot by Nate Schmidt.
7:28 of 3rd period - Stopped by Jacob Markstrom without a rebound.
7:29 of 3rd period - Pius Suter wins face-off versus Trevor Zegras in ANAHEIM OUTLAWS zone.
8:02 of 3rd period - Off-side.
8:03 of 3rd period - Jonathan Toews wins face-off versus Joey Anderson in neutral zone.
8:22 of 3rd period - Icing by Ian Mitchell.
8:23 of 3rd period - Kevin Hayes wins face-off versus Joey Anderson in ANAHEIM OUTLAWS zone.
9:03 of 3rd period - Evgeny Kuznetsov is hit by Tyson Barrie and loses puck.
9:43 of 3rd period - Icing by Morgan Rielly.
9:44 of 3rd period - Adrian Kempe wins face-off versus Trevor Zegras in ANAHEIM OUTLAWS zone.
9:59 of 3rd period - Shot by Trevor Zegras.
9:59 of 3rd period - Stopped by Jacob Markstrom with a rebound.
10:02 of 3rd period - Icing by Morgan Rielly.
10:03 of 3rd period - Troy Terry wins face-off versus Adrian Kempe in ANAHEIM OUTLAWS zone.
10:03 of 3rd period - Jonathan Toews is hit by Morgan Rielly and loses puck.
10:25 of 3rd period - Dougie Hamilton is hit by Henri Jokiharju and loses puck.
10:34 of 3rd period - Shot by Jonathan Toews.
10:34 of 3rd period - Shot Blocked by Noah Hanifin.
10:36 of 3rd period - Shot by Mikhail Sergachev.
10:36 of 3rd period - Stopped by Jacob Markstrom with a rebound.
11:07 of 3rd period - Trevor Zegras is hit by Henri Jokiharju and loses puck.
11:14 of 3rd period - Shot by Trevor Zegras.
11:14 of 3rd period - Stopped by Jacob Markstrom without a rebound.
11:15 of 3rd period - Kevin Hayes wins face-off versus Joey Anderson in ANAHEIM OUTLAWS zone.
11:21 of 3rd period - Shot by Taylor Raddysh.
11:21 of 3rd period - Shot Misses the Net.
11:46 of 3rd period - Kevin Hayes is hit by Ian Mitchell and loses puck.
13:08 of 3rd period - Minor Penalty to Troy Terry for Interference.
13:09 of 3rd period - Danton Heinen wins face-off versus Kevin Fiala in TEXAS TOROS zone.
13:49 of 3rd period - Shot by Jeff Skinner.
13:49 of 3rd period - Stopped by Daniil Tarasov with a rebound.
13:51 of 3rd period - Shot by Kevin Fiala.
13:51 of 3rd period - Stopped by Daniil Tarasov without a rebound.
13:52 of 3rd period - Wade Allison wins face-off versus Michael Bunting in TEXAS TOROS zone.
14:05 of 3rd period - Shot by Evgeny Kuznetsov.
14:05 of 3rd period - Shot Misses the Net.
14:16 of 3rd period - Shot by Jacob Trouba.
14:16 of 3rd period - Stopped by Daniil Tarasov without a rebound.
14:17 of 3rd period - Danton Heinen wins face-off versus Kevin Fiala in TEXAS TOROS zone.
14:17 of 3rd period - Danton Heinen is hit by Kevin Fiala.
14:33 of 3rd period - Shot by Jeff Skinner.
14:33 of 3rd period - Shot Misses the Net.
14:35 of 3rd period - Shot by Henri Jokiharju.
14:35 of 3rd period - Shot Misses the Net.
14:37 of 3rd period - Shot by Noah Hanifin.
14:37 of 3rd period - Stopped by Daniil Tarasov without a rebound.
14:38 of 3rd period - Wade Allison wins face-off versus Joey Anderson in TEXAS TOROS zone.
15:03 of 3rd period - Shot by Michael Bunting.
15:03 of 3rd period - Stopped by Daniil Tarasov with a rebound.
15:05 of 3rd period - Shot by Evgeny Kuznetsov.
15:05 of 3rd period - Shot Blocked by Mikhail Sergachev.
15:07 of 3rd period - Shot by Evgeny Kuznetsov.
15:07 of 3rd period - Stopped by Daniil Tarasov with a rebound.
15:23 of 3rd period - Shot by Tyson Foerster.
15:23 of 3rd period - Deflect By Jesse Ylonen.
15:23 of 3rd period - Stopped by Jacob Markstrom without a rebound.
15:24 of 3rd period - Trevor Zegras wins face-off versus Pius Suter in ANAHEIM OUTLAWS zone.
16:06 of 3rd period - Off-side.
16:07 of 3rd period - Kevin Hayes wins face-off versus Joey Anderson in neutral zone.
16:10 of 3rd period - Shot by Taylor Raddysh.
16:10 of 3rd period - Shot Hit the Post.
16:22 of 3rd period - Shot by Jeff Skinner.
16:22 of 3rd period - Stopped by Daniil Tarasov without a rebound.
16:23 of 3rd period - Adrian Kempe wins face-off versus Danton Heinen in TEXAS TOROS zone.
16:28 of 3rd period - Shot by Michael Bunting.
16:28 of 3rd period - Stopped by Daniil Tarasov without a rebound.
16:29 of 3rd period - Joey Anderson wins face-off versus Kevin Hayes in TEXAS TOROS zone.
16:36 of 3rd period - Shot by Evgeny Kuznetsov.
16:36 of 3rd period - Shot Misses the Net.
16:57 of 3rd period - Shot by Dougie Hamilton.
16:57 of 3rd period - Shot Blocked by Jacob Trouba.
16:59 of 3rd period - Shot by Mikhail Sergachev.
16:59 of 3rd period - Stopped by Jacob Markstrom without a rebound.
17:00 of 3rd period - Jonathan Toews wins face-off versus Adrian Kempe in ANAHEIM OUTLAWS zone.
17:03 of 3rd period - Shot by Troy Terry.
17:03 of 3rd period - Shot Misses the Net.
17:09 of 3rd period - Shot by Troy Terry.
17:09 of 3rd period - Deflect By Jonathan Toews.
17:09 of 3rd period - Stopped by Jacob Markstrom with a rebound.
17:12 of 3rd period - Icing by Henri Jokiharju.
17:13 of 3rd period - Trevor Zegras wins face-off versus Adrian Kempe in ANAHEIM OUTLAWS zone.
17:32 of 3rd period - Shot by Noah Hanifin.
17:32 of 3rd period - Stopped by Daniil Tarasov without a rebound.
17:33 of 3rd period - Jonathan Toews wins face-off versus Joey Anderson in TEXAS TOROS zone.
17:33 of 3rd period - Jonathan Toews is hit by Evgeny Kuznetsov.
17:57 of 3rd period - Shot by Troy Terry.
17:57 of 3rd period - Shot Misses the Net.
18:06 of 3rd period - Minor Penalty to Morgan Rielly for Holding.
18:07 of 3rd period - Kevin Hayes wins face-off versus Kent Johnson in ANAHEIM OUTLAWS zone.
18:08 of 3rd period - Shot by Taylor Raddysh.
18:08 of 3rd period - Stopped by Jacob Markstrom without a rebound.
18:09 of 3rd period - Kevin Hayes wins face-off versus Joey Anderson in ANAHEIM OUTLAWS zone.
18:16 of 3rd period - Shot by Taylor Raddysh.
18:16 of 3rd period - Stopped by Jacob Markstrom without a rebound.
18:17 of 3rd period - Kevin Hayes wins face-off versus Kent Johnson in ANAHEIM OUTLAWS zone.
18:38 of 3rd period - Shot by Mikhail Sergachev.
18:38 of 3rd period - Stopped by Jacob Markstrom without a rebound.
18:39 of 3rd period - Trevor Zegras wins face-off versus Jeff Skinner in ANAHEIM OUTLAWS zone.
18:44 of 3rd period - Shot by Tyson Barrie.
18:44 of 3rd period - Shot Misses the Net.
19:02 of 3rd period - Shot by Trevor Zegras.
19:02 of 3rd period - Stopped by Jacob Markstrom without a rebound.
19:03 of 3rd period - Kevin Hayes wins face-off versus Jeff Skinner in ANAHEIM OUTLAWS zone.
19:16 of 3rd period - Shot by Mikhail Sergachev.
19:16 of 3rd period - Shot Blocked by Noah Hanifin.
19:37 of 3rd period - Icing by Mikhail Sergachev.
19:38 of 3rd period - Kevin Hayes wins face-off versus Kent Johnson in TEXAS TOROS zone.
19:48 of 3rd period - Shot by Mikhail Sergachev.
19:48 of 3rd period - Stopped by Jacob Markstrom without a rebound.
19:49 of 3rd period - Joey Anderson wins face-off versus Trevor Zegras in ANAHEIM OUTLAWS zone.
Goals for this period are 0 for ANAHEIM OUTLAWS vs 0 for TEXAS TOROS.
Shots for this period are 9 for ANAHEIM OUTLAWS vs 18 for TEXAS TOROS.


BLAKE
WHEELER
STEVEN
STAMKOS
DREW
DOUGHTY

EAST COAST

HOCKEY LEAGUE

  • 63.RHI2PIT5
  • 64.WOR4ATL3
  • 65.QUECHW
  • 66.CHATRV